 Dungeon Crawl Stone Soup version 0.29-a0-321-gf1c400731a (webtiles) character file.

Game seed: 15885672802643429763

103 jlumianski the Skirmisher (level 4, 0/35 HPs)
             Began as a Demonspawn Fighter on Apr 5, 2022.
             Succumbed to Terence's poison
             ... on level 2 of the Dungeon.
             The game lasted 00:07:12 (2731 turns).

jlumianski the Skirmisher (Demonspawn Fighter)      Turns: 2731, Time: 00:07:12

Health: 0/35       AC:  7    Str: 18    XL:     4   Next: 51%
Magic:  4/4        EV:  9    Int: 10    God:
Gold:   87         SH:  9    Dex: 12    Spells: 3/3 levels left

rFire   . . .      SeeInvis .   a - +0 war axe (spect)
rCold   . . .      Faith    .   c - +0 buckler
rNeg    . . .      Spirit   +   b - +0 scale mail
rPois   .          Reflect  +   (no helmet)
rElec   .          Harm     .   (no cloak)
rCorr   .          Rampage  .   (no gloves)
Will    +....                   o - +0 pair of boots
Stlth   ..........              k - amulet of reflection
HPRegen 0.11/turn               i - ring of willpower
MPRegen 0.18/turn               (no ring)

@: lethally poisoned (0 -> -6)
A: hooves 1, magic shield, magic regeneration
a: no special abilities


You were on level 2 of the Dungeon.
You visited 1 branch of the dungeon, and saw 3 of its levels.

You collected 87 gold pieces.

Inventory:

Hand Weapons
 a - a +0 spectral war axe (weapon)
 f - a +0 short sword of venom
 h - a +0 dagger
Missiles
 g - 45 stones (quivered)
Armour
 b - a +0 scale mail (worn)
 c - a +0 buckler (worn)
 o - a +0 pair of boots (worn)
 u - the +2 robe of Liroshrad {-Tele rPois Regen+ Archmagi}
   (You found it on level 2 of the Dungeon)

   rPois:     It protects you from poison.
   -Tele:     It prevents most forms of teleportation.
   Regen:     It increases your rate of health regeneration.
   Archmagi:  It increases the power of your magical spells.
Jewellery
 i - a ring of willpower (left hand)
 k - an amulet of reflection (around neck)
 p - an amulet of faith
Potions
 d - a potion of might
 e - 2 potions of heal wounds
 j - a potion of mutation
 l - a potion of curing
 w - a potion of ambrosia {unknown}


   Skills:
 + Level 3.3 Fighting
 + Level 3.2 Axes
 + Level 0.4 Throwing
 + Level 3.1 Armour
 + Level 0.2 Dodging
 + Level 0.2 Stealth
 + Level 3.1 Shields


You had 3 spell levels left.
You didn't know any spells.
Your spell library was empty.

Dungeon Overview and Level Annotations

Branches:
Dungeon (3/15)

Altars:

Annotations:
D:3 Grinder


Innate Abilities, Weirdness & Mutations

You have large cloven feet.
When hurt, damage is shared between your health and your magic reserves.
You regenerate magic rapidly.


Message History

There is a stone staircase leading down here.
You climb downwards.
Level annotation: Grinder, Terence The kobold hits you but does no damage.
There is a stone staircase leading up, spattered with blood here.
You hit the kobold.
You kill the kobold!
Terence shouts!
You hear a shout!
You see here a +0 dagger.
Terence hits you with a +0 short sword of venom.
You are poisoned.
You see here a fuming emerald potion.
You hit Terence but do no damage.
Your +0 spectral war axe hits Terence!
You feel very sick. Terence hits you but does no damage.
Terence hits you with a +0 short sword of venom.
You are lethally poisoned!
You hit Terence but do no damage.
Terence is heavily wounded.
Your +0 spectral war axe hits Terence!
You kill Terence!
You feel extremely sick.
You feel very sick.
Things that are here:
a +0 short sword of venom; a +0 scale mail
f - a +0 short sword of venom
* * * LOW HITPOINT WARNING * * *
You feel very sick.
You feel your willpower return.
* * * LOW HITPOINT WARNING * * *
You feel very sick.
Grinder blinks!
You see here a +0 dagger.
* * * LOW HITPOINT WARNING * * *
You feel sick.
There is a stone staircase leading up, spattered with blood here.
* * * LOW HITPOINT WARNING * * *
You feel sick.
You climb upwards.
You die...

#.#######.# #.........#
#.#######.# #.# #.# #.####
#.# #....####.#
####.........# ####
#...........)#############§..
#.###.......@............'§§§
#.#####....).#####...#####§§§
#.........#..##......#####§§§
####......#.............##§§§
##......##.#............§§§
#.......##.#.###...........
#.<#.##......# #...#.......
#..#..#....#####...####....
##..##.#...........#####....


There were no monsters in sight!

Vanquished Creatures
  Terence (D:3)
  An adder (D:2)
  A worm (D:2)
  6 endoplasms
  3 giant cockroaches
  4 hobgoblins
  8 jackals (D:1)
  7 kobolds
  5 quokkas
  3 ball pythons
  2 bats (D:2)
  A frilled lizard (D:2)
  10 goblins
  5 rats
57 creatures vanquished.

Notes
Turn   | Place    | Note
-------+----------+-------------------------------------------
     0 | D:1      | jlumianski the Demonspawn Fighter began the quest for the
                  | Orb.
     0 | D:1      | Reached XP level 1. HP: 18/18 MP: 1/1
   792 | D:1      | Gained mutation: You regenerate magic rapidly. [demonic
                  | ancestry]
   792 | D:1      | Reached XP level 2. HP: 22/24 MP: 2/2
   818 | D:1      | Noticed a great orb of eyes
   821 | D:1      | Noticed a shining eye
   825 | D:1      | Found a faded altar of an unknown god.
   827 | D:1      | Noticed a floating eye
   828 | D:1      | Noticed a shining eye
  1104 | D:1      | Gained mutation: When hurt, damage is shared between your
                  | health and your magic reserves. [demonic ancestry]
  1104 | D:1      | Reached XP level 3. HP: 29/29 MP: 3/3
  2022 | D:3      | Noticed Terence
  2022 | D:3      | Noticed Grinder
  2392 | D:2      | Gained mutation: You have large cloven feet. [demonic
                  | ancestry]
  2392 | D:2      | Reached XP level 4. HP: 30/35 MP: 4/4
  2444 | D:2      | Identified the +2 robe of Liroshrad {-Tele rPois Regen+
                  | Archmagi}
  2725 | D:3      | Killed Terence
  2731 | D:2      | Succumbed to Terence's poison

Illustrated notes

Levels and vault maps discovered:
D:1:      pf_arrival_petrified_forest, layout_basic,
          hellmonk_ecumenical_altar_watching_god
D:2:      layout_basic, minmay_three_crescents
D:3:      layout_loops_ring, uniq_terence, uniq_grinder

Skill      XL: |  1  2  3 |
---------------+----------+-----
Axes           | 2 3 |  3.2
Armour         | 3 |  3.1
Shields        | 3 |  3.1
Fighting       | |  3.3
Throwing       | |  0.4
Dodging        | |  0.2
Stealth        | |  0.2

Action                   |  1- 3 |  4- 6 || total
-------------------------+-------+-------++-------
Melee: War axe           |   138 |    12 ||   150
Throw: Stone             |    18 |     5 ||    23
  Use: Potion            |     2 |       ||     2
       Scroll            |       |     8 ||     8
Armor: Scale mail        |    64 |     8 ||    72
Dodge: Dodged            |    66 |     4 ||    70
Block: Buckler           |    49 |     3 ||    52

Table legend: (Time is in decaauts)
 A = Elapsed time spent in this place.
 B = Non-inter-level travel time spent in this place.
 C = Inter-level travel time spent in this place.
 D = Time resting spent in this place.
 E = Time spent auto-exploring this place.
 F = Levels seen in this place.
 G = Mean time per level.
                   A        B        C        D        E       F      G
               +--------+--------+--------+--------+--------+-----+--------+
         Total |   2808 |   2767 |     41 |    361 |   1501 |   3 |  936.0 |
       Dungeon |   2808 |   2767 |     41 |    361 |   1501 |   3 |  936.0 |
               +--------+--------+--------+--------+--------+-----+--------+

Top non-repeatable levels by time:
     D:1: 1845 daAuts
     D:2: 893 daAuts
     D:3: 69 daAuts
